[Event "33. Münsterland Open"]
[Site "Senden"]
[Date "2015.10.11"]
[Round "1.10"]
[White "Huhndorf, Arnold"]
[Black "Simon, Thomas"]
[Result "1-0"]
[ECO "E17"]
[WhiteElo "2400"]
[BlackElo "2400"]
[PlyCount "89"]
[EventDate "2015.??.??"]
[TimeControl "300"]

1. d4 Nf6 2. c4 e6 3. Nf3 b6 4. g3 Bb7 5. Bg2 Be7 6. O-O O-O 7. d5 exd5 8. Nh4
c6 9. cxd5 Nxd5 10. Nf5 Bf6 11. e4 Nc7 12. Nc3 d5 13. exd5 cxd5 14. Bf4 Nba6
15. Rc1 Qd7 16. Bh3 Qd8 17. Re1 Ne6 18. Be5 d4 19. Bxf6 Qxf6 20. Nb5 Ng5 21.
Bg4 h5 22. h4 hxg4 23. Ne7+ Kh8 24. hxg5 Qxg5 25. Nxd4 Rad8 26. Qa4 Nc5 27.
Qxa7 Qh6 28. f3 Rxd4 29. Rc2 gxf3 30. Rf2 Rd2 31. Nf5 Qh3 32. Rxd2 f2+ 33. Kxf2
Qg2+ 34. Ke3 Qf3+ 35. Kd4 Rd8+ 36. Kc4 Qg4+ 37. Nd4 Bd5+ 38. Kb4 Qxg3 39. Red1
Qd6 40. Kb5 Nd7 41. Qa3 Qc7 42. Rc2 Qe5 43. Qh3+ Kg8 44. Qf5 Qe7 45. Qxd5 {
normal} 1-0